 Dungeon Crawl Stone Soup version 0.25.0-9-g26727b657a (webtiles) character file.

Game seed: 1407365553417942993

21 mopl the Chopper (level 2, -1/22 HPs)
             Began as a Demonspawn Warper on June 20, 2020.
             Slain by a leopard gecko (3 damage)
             ... on level 1 of the Dungeon.
             The game lasted 00:01:16 (1138 turns).

mopl the Chopper (Demonspawn Warper)                Turns: 1138, Time: 00:01:17

Health: -1/22      AC:  3    Str: 11    XL:     2   Next: 62%
Magic:  5/5        EV:  8    Int: 14    God:
Gold:   109        SH:  6    Dex: 12    Spells: 5/5 levels left

rFire    + . .     SeeInvis .   a - +0 hand axe
rCold    . . .     Gourm    .   h - +0 kite shield
rNeg     . . .     Faith    .   b - +0 leather armour
rPois    .         Spirit   .   (no helmet)
rElec    .         Reflect  .   (no cloak)
rCorr    .         Harm     .   (no gloves)
MR       .....                  (no boots)
Stlth    +.........             (no amulet)
HPRegen  0.07/turn              m - ring of protection from fire
MPRegen  0.09/turn              (no ring)

@: no status effects
A: talons 1
a: no special abilities


You were on level 1 of the Dungeon.
You were not hungry.

You visited 1 branch of the dungeon, and saw 2 of its levels.

You collected 109 gold pieces.

Inventory:

Hand Weapons
 a - a +0 hand axe (weapon)
Missiles
 e - 5 boomerangs of dispersal
 i - 19 poisoned darts (quivered)
Armour
 b - a +0 leather armour (worn)
 h - a +0 kite shield (worn)
Jewellery
 m - a ring of protection from fire (left hand)
Scrolls
 d - a scroll of blinking
 l - a scroll of immolation {unknown}
Potions
 c - 5 potions of curing {unknown}
 j - a potion of heal wounds {unknown}
 k - a potion of experience {unknown}
Comestibles
 f - a ration


   Skills:
 - Level 2.0 Fighting
 + Level 3.0 Axes
 - Level 0.8 Throwing
 - Level 0.8 Armour
 - Level 1.7 Dodging
 - Level 2.0 Spellcasting
   Level 2.6 Translocations


You had 5 spell levels left.
You didn't know any spells.
Your spell library contained the following spells:

 Spells                   Type           Power        Failure   Level  Hunger
 Blink                    Tloc           N/A          73%         2    ###....
 Shroud of Golubria       Chrm/Tloc      #.....       88%         2    ###....
 Gell's Gravitas          Tloc           #.........   91%         3    ####...
 Lesser Beckoning         Tloc           #.........   91%         3    ####...
 Teleport Other           Tloc           #.......     91%         3    ####...
 Passage of Golubria      Tloc           N/A          100%        4    #####..


Dungeon Overview and Level Annotations

Branches:
Dungeon (2/15)

Altars:


Innate Abilities, Weirdness & Mutations

You have sharp toenails.


Message History

There are monsters nearby!
Press: ? - help, v - describe, . - travel
Here: a kobold, wielding a +1 dagger of draining The floor.
The leopard gecko bites you.
The leopard gecko bites you but does no damage.
The leopard gecko bites you.
* * * LOW HITPOINT WARNING * * *
There is a stone staircase leading up here.
You block the leopard gecko's attack. The leopard gecko bites you.
* * * LOW HITPOINT WARNING * * *
You climb upwards.
There is a stone staircase leading down here.
You barely miss the leopard gecko.
The leopard gecko is heavily wounded.
The leopard gecko closely misses you.
Your shield prevents you from hitting the leopard gecko.
The leopard gecko is heavily wounded.
The leopard gecko bites you.
You die...

.# #........#.######.###.#.# .#
#........#.# #.# #.#.###
.######........#.# #.# #.#....
...............#.######.###.#####
.######..........................
.# #.########.######.###.##### .#
#.................# #.#
.##############)###########.#
................@l..........#
.####..#######.........#########
....#..# #.........# #.....##
....#..# #.........# #.......
....#..# #.........# ###.####
....#..# #.........# #.#
....#..########..####### #.#
....#..##........# #.#
....#..##.#####.## #.#


You could see a leopard gecko.

Vanquished Creatures
  2 giant cockroaches (D:1)
  4 hobgoblins (D:1)
  2 kobolds (D:1)
  A quokka (D:2)
  5 bats (D:1)
  A frilled lizard (D:1)
  4 rats (D:1)
19 creatures vanquished.

Notes
Turn   | Place    | Note
-------+----------+-------------------------------------------
     0 | D:1      | mopl the Demonspawn Warper began the quest for the Orb.
     0 | D:1      | Reached XP level 1. HP: 16/16 MP: 3/3
    56 | D:1      | Reached skill level 2 in Axes
   463 | D:1      | Gained mutation: You have sharp toenails. [demonic
                  | ancestry]
   463 | D:1      | Reached XP level 2. HP: 20/22 MP: 5/5
  1109 | D:2      | Reached skill level 3 in Axes
  1138 | D:1      | Slain by a leopard gecko

Illustrated notes

Levels and vault maps discovered:
D:1:      nicolae_arrival_memento_mori, layout_basic
D:2:      layout_basic, minmay_misc_feat_rugged, uniq_sigmund,
          uniq_crazy_yiuf_cottage

Skill      XL: |  1  2 |
---------------+-------+-----
Axes           | 2 3 |  3.0
Fighting       | |  2.0
Throwing       | |  0.8
Armour         | |  0.8
Dodging        | |  1.7
Spellcasting   | |  2.0
Translocations | |  2.6

Action                   || total
-------------------------++-------
Melee: Hand axe          ||    83
       Kick              ||     5
  Eat: Chunk             ||     1
Armor: Leather armour    ||    31
Dodge: Dodged            ||    39
Block: Kite shield       ||    24
